 Dungeon Crawl Stone Soup version 0.27.0-1-g7a089689b8 (webtiles) character file.

Game seed: 11848327095634876067

950 hasubaka the Geomancer (level 8, -4/41 HPs)
             Began as a Gargoyle Earth Elementalist on Aug 13, 2021.
             Was a Follower of Vehumet.
             Slain by an iguana (9 damage)
             ... on level 5 of the Dungeon on Aug 16, 2021.
             The game lasted 00:24:45 (5190 turns).

hasubaka the Geomancer (GrEE)                       Turns: 5190, Time: 00:24:45

Health: -4/41      AC:  8    Str: 12    XL:     8   Next: 13%
Magic:  11/16      EV: 11    Int: 18    God:    Vehumet [*.....]
Gold:   157        SH:  3    Dex: 10    Spells: 11/18 levels left

rFire    . . .     SeeInvis .   j - +3 spear (venom)
rCold    . . .     Faith    .   k - +0 buckler
rNeg     + . .     Spirit   .   b - +0 robe
rPois    ∞         Reflect  .   (no helmet)
rElec    +         Harm     .   (no cloak)
rCorr    .         Rampage  .   (no gloves)
Will     .....                  r - +0 pair of boots
Stlth    ++........             (no amulet)
HPRegen  0.13/turn              (no ring)
MPRegen  0.15/turn              (no ring)

@: very slightly contaminated
A: sickness immunity, AC +5, negative energy resistance 1, electricity
resistance, torment resistance 1, petrification resistance
a: Renounce Religion


You were on level 5 of the Dungeon.
You worshipped Vehumet.
Vehumet was aware of your devotion.
You visited 2 branches of the dungeon, and saw 6 of its levels.

You collected 189 gold pieces.
You spent 32 gold pieces at shops.

Inventory:

Hand Weapons
 a - a +0 hand axe
 f - a +3 dagger
 j - a +3 spear of venom (weapon)
 n - a +1 morningstar of draining
Missiles
 c - 34 stones
 l - a throwing net
Armour
 b - a +0 robe (worn)
 d - a +0 scale mail
 k - a +0 buckler (worn)
 r - a +0 pair of boots (worn)
Wands
 s - a wand of acid (8)
Scrolls
 e - 4 scrolls of identify
 h - 3 scrolls of noise
 o - a scroll of enchant weapon {unknown}
Potions
 i - a potion of mutation
 m - a potion of curing {unknown}
 p - 2 potions of brilliance {unknown}
 q - a potion of resistance {unknown}


   Skills:
 - Level 1.5 Dodging
 - Level 2.1 Stealth
 + Level 5.8 Spellcasting
 + Level 3.1 Conjurations
 - Level 0.7 Transmutations
 + Level 8.1 Earth Magic


You had 11 spell levels left.
You knew the following spells:

 Your Spells              Type           Power      Damage    Failure   Level
a - Sandblast             Erth           68%        2d15      1%          1
b - Stone Arrow           Conj/Erth      50%        3d10      6%          3
c - Shock                 Conj/Air       40%        1d5       11%         1
d - Blink                 Tloc           N/A        N/A       30%         2

Your spell library contained the following spells:

 Spells                   Type           Power      Damage    Failure   Level
 Passwall                 Tmut/Erth      17%        N/A       4%          2
 Conjure Flame            Conj/Fire      10%        6-21      32%         3
 Petrify                  Tmut/Erth      21%        N/A       32%         4
 Ignite Poison            Fire/Tmut/Pois 6%         N/A       50%         3
 Lesser Beckoning         Tloc           2%         N/A       52%         3
 Sticky Flame             Conj/Fire      10%        2d3       71%         4
 Irradiate                Conj/Tmut      6%         3d16      95%         5
 Manifold Assault         Tloc           5%         N/A       99%         5
 Sublimation of Blood     Necr           Unusable   N/A       N/A         2

Dungeon Overview and Level Annotations

Branches:
Dungeon (5/15)             Temple (1/1) D:4

Altars:
Cheibriados
Dithmenos
Elyvilon
Fedhas
Gozag
Hepliaklqana
Kikubaaqudgha
Makhleb
Okawaru
Ru
Sif Muna
Trog
Uskayaw
Vehumet
Wu Jian
Xom
Zin
The Shining One

Shops:
D:2 !(!


Innate Abilities, Weirdness & Mutations

You are immune to sickness and miasma.
Your stone body is resilient. (AC +5)
You are immune to poison.
You resist negative energy. (rN+)
You are resistant to electric shocks. (rElec)
You are resistant to unholy torment.
You are immune to petrification.


Message History

You kill the orc!
Vehumet accepts your kill. The orc closely misses you.
The orc hits you but does no damage. x2
The iguana bites you but does no damage.
Casting: Sandblast (safe; 1% risk of failure)
Confirm with . or Enter, or press ? or * to list all spells.
Aiming: Sandblast (safe; 1% risk of failure)
Press: ? - help, Shift-Dir - straight line, f - orc
Aim: an orc, wielding a +0 club and wearing a +0 ring mail (84% to hit)
You miscast Sandblast.
You are very lightly contaminated with residual magic.
Nothing appears to happen.
The orc hits you with a +0 club. The ogre completely misses you.
The orc barely misses you. The orc closely misses you.
The iguana barely misses you.
Casting: Sandblast (safe; 1% risk of failure)
Confirm with . or Enter, or press ? or * to list all spells.
Aiming: Sandblast (safe; 1% risk of failure)
Press: ? - help, Shift-Dir - straight line, f/p - orc
Aim: an orc, wielding a +0 club and wearing a +0 ring mail (84% to hit)
The blast of sand hits the orc!!
You kill the orc!
Vehumet accepts your kill. The orc hits you but does no damage.
The ogre hits you with a +0 giant spiked club!
* * * LOW HITPOINT WARNING * * *
The orc hits you with a +0 short sword.
* * * LOW HITPOINT WARNING * * *
The iguana barely misses you.
Casting: Sandblast (safe; 1% risk of failure)
Confirm with . or Enter, or press ? or * to list all spells.
Aiming: Sandblast (safe; 1% risk of failure)
Press: ? - help, Shift-Dir - straight line, f - ogre
Aim: an ogre, wielding a +0 giant spiked club (moderately wounded, 91% to hit)
The blast of sand hits the ogre!!
You kill the ogre!
Vehumet accepts your kill. You block the orc's attack.
The orc hits you with a +0 short sword.
* * * LOW HITPOINT WARNING * * *
The iguana bites you!
You die...

### #.# .... #.# ......
#.# .(....
######.###########......
.......................^
#.####....####..........
#+#####.### #..........
....# #.# #.ool......
....# #.# #.)@)......
....# #.# #...)....??
....# #.# #....../..#
....# #.# #########..
..### . ### ## .#
.######.# ........# ###


You could see an iguana and 2 orcs.

Vanquished Creatures
  A sky beast (D:3)
  2 ogres
  A phantom (D:4)
  A centaur (D:5)
  A gnoll sergeant (D:4)
  A hound (D:4)
  A centaur skeleton (D:5)
  3 orc priests (D:5)
  A gnoll shaman (D:4)
  A jelly (D:3)
  2 iguanas
  12 gnolls (D:4)
  6 adders
  A shadow imp (D:5)
  A white imp (D:5)
  2 adder skeletons (D:4)
  A worm (D:2)
  5 dart slugs
  10 orcs (D:5)
  8 ball pythons
  5 bats
  5 endoplasms
  8 goblins
  9 hobgoblins
  3 jackals (D:1)
  9 kobolds
  4 quokkas
  5 frilled lizards
  8 rats
  A bush (D:5)
118 creatures vanquished.

Notes
Turn   | Place    | Note
-------+----------+-------------------------------------------
     0 | D:1      | hasubaka the Gargoyle Earth Elementalist began the quest
                  | for the Orb.
     0 | D:1      | Reached XP level 1. HP: 10/10 MP: 3/3
   220 | D:1      | Reached skill level 4 in Earth Magic
   220 | D:1      | Reached XP level 2. HP: 11/15 MP: 0/5
   655 | D:1      | Reached XP level 3. HP: 19/19 MP: 4/6
  1654 | D:2      | Found Tius's Weapon Shoppe.
  1662 | D:2      | Reached XP level 4. HP: 24/24 MP: 6/8
  1681 | D:2      | Found a sacrificial altar of Ru.
  1719 | D:2      | Bought 23 stones for 32 gold pieces
  1765 | D:2      | Reached skill level 5 in Earth Magic
  1819 | D:2      | Found Nil Wank's Distillery.
  2142 | D:2      | Found Pool's Distillery.
  2246 | D:3      | Found a faded altar of an unknown god.
  2410 | D:3      | Reached XP level 5. HP: 28/28 MP: 2/10
  2562 | D:3      | Found a hazy altar of Hepliaklqana.
  2882 | D:3      | Found an ornate altar of the Wu Jian Council.
  3134 | D:3      | Noticed a sky beast
  3156 | D:3      | Killed a sky beast
  3157 | D:3      | Reached skill level 6 in Earth Magic
  3303 | D:3      | Reached XP level 6. HP: 32/32 MP: 10/12
  3398 | D:4      | Found a staircase to the Ecumenical Temple.
  3409 | Temple   | Entered the Ecumenical Temple
  3460 | Temple   | Became a worshipper of Vehumet
  3720 | D:4      | Reached skill level 7 in Earth Magic
  3720 | D:4      | Reached XP level 7. HP: 25/36 MP: 4/14
  3737 | D:4      | Learned a level 3 spell: Stone Arrow
  3851 | D:4      | Reached skill level 5 in Spellcasting
  3857 | D:4      | Reached skill level 1 in Conjurations
  4047 | D:4      | Reached * piety under Vehumet
  4047 | D:4      | Offered knowledge of Shock by Vehumet.
  4073 | D:4      | Learned a level 1 spell: Shock
  4245 | D:4      | Learned a level 2 spell: Blink
  4663 | D:5      | Entered Level 5 of the Dungeon
  4695 | D:5      | Found a blossoming altar of Fedhas.
  4842 | D:5      | Reached XP level 8. HP: 38/41 MP: 12/16
  4889 | D:5      | Reached skill level 8 in Earth Magic
  5190 | D:5      | Slain by an iguana

Illustrated notes

Levels and vault maps discovered:
D:1:      evilmike_arrival_crescent, layout_loops_ring,
          chequers_serial_rivers_micro_d
D:2:      layout_basic, basic_altar, serial_shops, shop, shop, shop,
          kennysheep_pointless_box
D:3:      layout_loops_corners, nicolae_hepliaklqana_hazy_memory,
          nicolae_wu_jian_immortal_techniques,
          hellmonk_ecumenical_altar_prayer_group
D:4:      cheibrodos_quashed, layout_basic, minmay_temple_entry_glassed_door
D:5:      layout_basic, fedhas_bush_and_centaur_altar, uniq_sigmund,
          uniq_blork_the_orc
Temple:   eino_wide_crystal_templ

Skill      XL: |  1  2  3  4  5  6  7  8 |
---------------+-------------------------+-----
Earth Magic    | 4 5 6 7 8 |  8.1
Spellcasting   | 3 4 5 |  5.8
Conjurations   | 2 3 |  3.1
Dodging        | |  1.5
Stealth        | |  2.1
Transmutations | |  0.7

Action                   |  1- 3 |  4- 6 |  7- 9 || total
-------------------------+-------+-------+-------++-------
Melee: Hand axe          |     3 |       |       ||     3
       Dagger            |    33 |    18 |       ||    51
       Spear             |       |       |    40 ||    40
 Cast: Sandblast         |    44 |    60 |    75 ||   179
       Blink             |       |       |     4 ||     4
  Use: Scroll            |       |     3 |       ||     3
       Potion            |       |       |     1 ||     1
Armor: Scale mail        |    23 |    14 |     7 ||    44
       Chain mail        |       |     6 |       ||     6
       Robe              |       |       |    19 ||    19
Dodge: Dodged            |    18 |    19 |    34 ||    71
Block: Buckler           |       |       |     4 ||     4
